 Dungeon Crawl Stone Soup version 0.21.1-1-g345015f (webtiles) character file.

226 equalderp2856 the Chopper (level 5, 0/47 HPs)
             Began as a Minotaur Fighter on May 9, 2018.
             Killed by divine providence
             ... invoked by an orc priest
              (9 damage)
             ... on level 3 of the Dungeon.
             The game lasted 00:04:23 (2177 turns).

equalderp2856 the Chopper (Minotaur Fighter)        Turns: 2177, Time: 00:04:24

Health: 0/47       AC:  7    Str: 21    XL:     5   Next: 69%
Magic:  4/4        EV:  7    Int:  5    God:
Gold:   89         SH: 15    Dex: 10    Spells: 4/4 levels left

rFire    . . .     SeeInvis .   a - +0 war axe
rCold    . . .     Gourm    .   c - +0 shield
rNeg     . . .     Faith    .   b - +0 scale mail
rPois    .         Spirit   .   (helmet restricted)
rElec    .         Reflect  +   (no cloak)
rCorr    .         Harm     .   (no gloves)
MR       .....                  (no boots)
Stlth    ..........             t - +6 amulet of reflection
HPRegen  0.15/turn              (no ring)
MPRegen  0.09/turn              (no ring)

@: no status effects
A: retaliatory headbutt, horns 2
a: no special abilities


You were on level 3 of the Dungeon.
You were hungry.

You visited 1 branch of the dungeon, and saw 3 of its levels.
You also visited: Sewer.

You collected 89 gold pieces.

Inventory:

Hand Weapons
 a - a +0 war axe (weapon)
Armour
 b - a +0 scale mail (worn)
 c - a +0 shield (worn)
Jewellery
 r - an uncursed ring of protection from cold {unknown}
 t - a +6 amulet of reflection (around neck)
Scrolls
 g - 2 scrolls of enchant armour {unknown}
 h - 2 scrolls of fog
 i - 3 scrolls of amnesia
 j - a scroll of identify {unknown}
 k - a scroll of magic mapping {unknown}
 l - a scroll of immolation {unknown}
 p - 2 scrolls of teleportation {unknown}
 q - 2 scrolls of remove curse {unknown}
 u - 2 scrolls of blinking {unknown}
 w - a scroll of fear {unknown}
 y - a scroll of noise {unknown}
Potions
 d - 3 potions of might
 e - 2 potions of agility {unknown}
 m - 2 potions of flight {unknown}
 n - 2 potions of lignification {unknown}
 o - a potion of degeneration {unknown}
 s - 2 potions of curing {unknown}
 v - a potion of magic {unknown}
 x - a potion of haste {unknown}
 z - a potion of brilliance {unknown}
 A - a potion of heal wounds {unknown}
Comestibles
 f - 6 rations


   Skills:
 + Level 4.3 Fighting
 + Level 5.2 Axes
 + Level 4.7 Armour
 + Level 0.2 Dodging
 + Level 0.2 Stealth
 + Level 4.7 Shields


You had 4 spell levels left.
You didn't know any spells.

Dungeon Overview and Level Annotations

Branches:
Dungeon (3/15)

Altars:


Innate Abilities, Weirdness & Mutations

You reflexively headbutt those who attack you in melee.
You have a pair of horns on your head.


Message History

The orc priest calls down the wrath of Beogh upon you.
Beogh smites you! You block the orc priest's attack.
You closely miss the orc priest.
The orc priest is heavily wounded.
You barely miss the orc priest. You slash the orc wizard!
You kill the orc wizard!
Your Axes skill increases to level 5!
The orc priest mumbles some strange prayers to Beogh against you.
Beogh smites you!
* * * LOW HITPOINT WARNING * * *
You block the orc priest's attack.
As you read the scroll labeled ANE MALUPPEI, it crumbles to dust.
It is a scroll of amnesia.
You feel forgetful for a moment. You block the orc priest's attack. x2
Unknown command.
As you read the scroll labeled EFUEHE TANO, it crumbles to dust.
The scroll dissolves into smoke.
It was a scroll of fog.
The orc priest calls down the wrath of Beogh upon you.
Beogh smites you!
You die...

#.# #......##
#....... #.#
###.##.#
#...≈... #.#
#..†##.#
#..##≈≈.
#.###.#.# #
#..##≈≈.
#.#.....##.#
#..≈≈...
.#.#......#.##
#..≈≈.÷.
......%.......#
#..(≈...
..#.#...§§§#..#
#..≈≈...
.......o@....#
#..≈≈...
.##.....o§§##.#
#..##≈≈≈ #
......##.... ..
.... #≈≈≈
###.#...#..##.##
##. ≈... #....
......## # #####
#.#.. #.......
#... .......#
........ ##.##


You could see 2 orc priests.

Vanquished Creatures
  An orc wizard (D:3)
  Jessica (D:2)
  7 adders
  A river rat (D:3)
  An ooze (D:2)
  4 worms
  2 dart slugs (D:2)
  2 leopard geckos
  2 orcs (D:3)
  3 ball pythons (Sewer)
  3 giant cockroaches
  4 goblins
  15 hobgoblins
  2 quokkas
  15 bats
  12 frilled lizards
  4 kobolds
  8 rats
87 creatures vanquished.

Vanquished Creatures (others)
  A leopard gecko (D:3)
  2 jackals (D:3)
3 creatures vanquished.

Grand Total: 90 creatures vanquished

Notes
Turn   | Place    | Note
-------+----------+-------------------------------------------
     0 | D:1      | equalderp2856 the Minotaur Fighter began the quest for the Orb.
     0 | D:1      | Reached XP level 1. HP: 19/19 MP: 0/0
   327 | D:1      | Reached XP level 2. HP: 27/27 MP: 1/1
   771 | D:2      | Reached XP level 3. HP: 33/33 MP: 2/2
   975 | D:2      | Reached skill level 3 in Axes
   999 | D:2      | Reached XP level 4. HP: 36/40 MP: 3/3
  1243 | D:2      | Noticed Jessica
  1248 | D:2      | Killed Jessica
  1321 | D:3      | Reached skill level 4 in Axes
  1360 | D:3      | Reached XP level 5. HP: 16/47 MP: 4/4
  1627 | D:3      | Found a glowing drain.
  1658 | Sewer    | Entered a sewer
  2175 | D:3      | Reached skill level 5 in Axes
  2177 | D:3      | Killed from afar by an orc priest

Skill      XL: |  1  2  3  4  5 |
---------------+----------------+-----
Armour         | 4 |  4.7
Fighting       | 4 |  4.3
Shields        | 4 |  4.7
Axes           | 3 4 5 |  5.2
Dodging        | |  0.2
Stealth        | |  0.2

Action                   |  1- 3 |  4- 6 || total
-------------------------+-------+-------++-------
Melee: War axe           |    78 |   123 ||   201
       Headbutt          |     7 |    14 ||    21
  Use: Scroll            |       |     2 ||     2
  Eat: Chunk             |       |     4 ||     4
Armor: Scale mail        |    43 |    36 ||    79
Dodge: Dodged            |    28 |    28 ||    56
Block: Shield            |    55 |   122 ||   177
       Reflection        |       |     2 ||     2
